 Dungeon Crawl Stone Soup version 0.19-a0-606-gee5277e (webtiles) character file.

1782 Zzzzzzzzz the Digger (level 9, 0/48 HPs)
             Began as a Gargoyle Earth Elementalist on June 12, 2016.
             Was a Follower of Vehumet.
             Slain by an orc warrior
             ... wielding a +0 battleaxe
              (22 damage)
             ... on level 6 of the Dungeon.
             The game lasted 00:26:05 (7219 turns).

Zzzzzzzzz the Digger (Gargoyle Earth Elementalist)  Turns: 7219, Time: 00:26:06

Health: 0/48       AC: 10    Str: 12    XL:     9   Next: 8%
Magic:  15/20      EV: 12    Int: 19    God:    Vehumet [*.....]
Gold:   187        SH:  0    Dex: 10    Spells: 3 memorised, 13 levels left

rFire  . . .     SeeInvis .     b - 122 stones
rCold  . . .     Gourm    .     c - +0 robe
rNeg   + . .     Faith    .     (no shield)
rPois  ∞         Spirit   .     (no helmet)
rElec  +         Dismiss  .     u - +0 cloak
rCorr  .         Reflect  .     t - +1 pair of gloves
SustAt .         Harm     .     (no boots)
MR     .....                    (no amulet)
Stlth  +++.......               (no ring)
                                D - ring of stealth

@: not resistant to hostile enchantments, fairly stealthy
A: negative energy resistance 1, electricity resistance, unbreathing,
petrification resistance, rot immunity, AC +5
a: Renounce Religion


You were on level 6 of the Dungeon.
You worshipped Vehumet.
Vehumet was aware of your devotion.
You were hungry.

You visited 2 branches of the dungeon, and saw 7 of its levels.

You collected 187 gold pieces.

Inventory:

Hand Weapons
 v - a +1 mace of protection
 H - a +0 flail of protection
 J - a +2 scimitar
 K - a +1 short sword of freezing
Missiles
 b - 122 stones (in hand)
Armour
 c - a +0 robe (worn)
 t - a +1 pair of gloves (worn)
 u - a +0 cloak (worn)
Jewellery
 D - a ring of stealth (left hand)
Wands
 i - a wand of digging (19/24)
 n - a wand of enslavement (14/24)
 y - a wand of acid (6/15)
Scrolls
 o - a scroll of teleportation
 z - 2 scrolls of blinking
 F - 2 scrolls of immolation
Potions
 a - 3 potions of invisibility
 g - 4 potions of curing
 k - a potion of heal wounds
 m - 3 potions of berserk rage
 p - a potion of lignification {unknown}
 r - 2 potions of mutation
 x - a potion of flight {unknown}
 B - a potion of haste {unknown}
 G - 2 potions of ambrosia {unknown}
Books
 e - a book of Geomancy

   Spells                             Type                      Level
   a - Sandblast                      Earth                        1
   b - Passwall                       Transmutation/Earth          2
   c - Stone Arrow                    Conjuration/Earth            3
   d - Petrify                        Transmutation/Earth          4
   e - Lee's Rapid Deconstruction     Earth                        5
Comestibles
 d - 5 bread rations
 w - 2 meat rations
 A - a slice of pizza
 C - a royal jelly
 I - 6 fruits


   Skills:
 + Level 1.6 Fighting
 + Level 1.3 Maces & Flails
 + Level 0.9 Armour
 + Level 2.2 Dodging
 - Level 2.1 Stealth
 * Level 7.3 Spellcasting
 + Level 5.3 Conjurations
   Level 0.7 Transmutations
 + Level 7.7 Earth Magic


You had 13 spell levels left.
You knew the following spells:

 Your Spells              Type           Power        Failure   Level  Hunger
a - Sandblast             Erth           #####.       1%          1    None
b - Stone Arrow           Conj/Erth      ####..       1%          3    #......
c - Lee's Rapid Deconstr  Erth           #####.....   12%         5    #####..


Dungeon Overview and Level Annotations

Branches:
Dungeon (6/15)             Temple (1/1) D:4

Altars:
Ashenzari
Cheibriados
Elyvilon
Gozag
Hepliaklqana
Kikubaaqudgha
Makhleb
Nemelex Xobeh
Okawaru
Qazlal
Ru
Sif Muna
Trog
Uskayaw
Vehumet
Xom
Yredelemnul
Zin
The Shining One


Innate Abilities, Weirdness & Mutations

You are resistant to torment.
Your stone body is resilient. (AC +5)
You are immune to poison.
You resist negative energy. (rN+)
You are resistant to electric shocks. (rElec)
You can survive without breathing.
You are immune to petrification.
You are immune to rotting.


Message History

The rocky blast hits the orc warrior.
The orc warrior is moderately wounded.
The orc warrior hits you with a battleaxe!
Casting: Sandblast
Confirm with . or Enter, or press ? or * to list all spells.
Aiming: Sandblast
Press: ? - help, Shift-Dir - straight line, f/p - orc warrior
Aim: an orc warrior, wielding a battleaxe and wearing a chain mail (moderately wounded)
The rocky blast hits the orc warrior.
The orc warrior is heavily wounded.
The orc warrior hits you with a battleaxe!
Casting: Sandblast
Confirm with . or Enter, or press ? or * to list all spells.
Aiming: Sandblast
Press: ? - help, Shift-Dir - straight line, f/p - orc warrior
Aim: an orc warrior, wielding a battleaxe and wearing a chain mail (heavily wounded)
The rocky blast hits the orc warrior.
The orc warrior is heavily wounded.
The orc warrior hits you with a battleaxe!!
You die...

..[.....##....##.# #....#.#.#.#
..#.###.##....##.#####..#.#.#.#)#
..#.# #.##....##.#......#.#.#.#.#
#.# #..##<...#.#.####.#.#.#.#)#
#.. ####.#.#. #...........# #...
.#.#.##.#.#.#.#.### #.#.
.#.#......#.#.#...#
.#.#........#...#.#
#@#......#.###.#.#
#o#......#.....# #
#{#..........### #o#.....##.#.#
#.#.....##.#.# #.#.....##.#.# #
#.#.....##.#.# # #.#.#.....##.#.#
#.#.#....#.###.#.#


You could see an orc warrior and an orc.

Vanquished Creatures
  Sigmund (D:4)
  Eustachio (D:4)
  The ghost of Pfff the Digger, an amateur GrEE (D:3)
  An ice beast (D:6)
  2 sky beasts (D:5)
  A phantom (D:5)
  2 centaurs (D:5)
  Blork the orc (D:5)
  The ghost of Pfff the Digger, an amateur GrEE (D:4)
  3 wights (D:6)
  A howler monkey (D:5)
  2 crimson imps
  An orc wizard (D:5)
  An orc priest (D:5)
  2 iguanas
  5 worker ants
  A hound skeleton (D:4)
  Robin (D:4)
  A worker ant zombie (D:5)
  7 adders
  2 shadow imps (D:5)
  An ooze (D:3)
  A worm (D:2)
  3 dart slugs
  5 giant geckos
  14 orcs
  6 giant cockroaches
  18 goblins
  12 hobgoblins
  12 jackals
  15 kobolds
  2 quokkas (D:4)
  A ball python (D:4)
  5 bats
  7 giant newts
  A jackal skeleton (D:5)
  3 quokka skeletons
  8 rats
152 creatures vanquished.

Vanquished Creatures (others)
  A plant (D:3)
1 creature vanquished.

Grand Total: 153 creatures vanquished

Notes
Turn   | Place    | Note
--------------------------------------------------------------
     0 | D:1      | Zzzzzzzzz the Gargoyle Earth Elementalist began the quest for the Orb.
     0 | D:1      | Reached XP level 1. HP: 10/10 MP: 3/3
   122 | D:1      | Reached XP level 2. HP: 14/15 MP: 5/5
  1173 | D:1      | Reached XP level 3. HP: 17/19 MP: 7/7
  1235 | D:1      | Learned a level 3 spell: Stone Arrow
  2033 | D:2      | Reached XP level 4. HP: 24/24 MP: 2/8
  2934 | D:3      | Reached skill level 1 in Conjurations
  3175 | D:3      | Found a glowing golden altar of the Shining One.
  3351 | D:3      | Reached XP level 5. HP: 28/28 MP: 5/10
  3358 | D:3      | Learned a level 5 spell: Lee's Rapid Deconstruction
  3424 | D:3      | Reached skill level 5 in Earth Magic
  3432 | D:3      | Noticed Pfff's ghost (amateur GrEE)
  3444 | D:3      | Killed Pfff's ghost
  3444 | D:3      | Reached XP level 6. HP: 29/32 MP: 0/12
  4612 | D:4      | Noticed Pfff's ghost (amateur GrEE)
  4617 | D:4      | Killed Pfff's ghost
  4653 | D:4      | Noticed Eustachio
  4661 | D:4      | Killed Eustachio
  4661 | D:4      | Reached skill level 5 in Spellcasting
  4661 | D:4      | Reached XP level 7. HP: 36/36 MP: 8/14
  5064 | D:4      | Found a snail-covered altar of Cheibriados.
  5288 | D:4      | Noticed Sigmund
  5294 | D:4      | Killed Sigmund
  5455 | D:4      | Found a staircase to the Ecumenical Temple.
  5465 | Temple   | Entered the Ecumenical Temple
  5473 | Temple   | Became a worshipper of Vehumet
  5712 | D:4      | Noticed Robin
  5755 | D:4      | Killed Robin
  5936 | D:5      | Entered Level 5 of the Dungeon
  5994 | D:5      | Found a bloodstained altar of Trog.
  6073 | D:5      | Reached XP level 8. HP: 41/41 MP: 13/17
  6201 | D:5      | Reached * piety under Vehumet
  6201 | D:5      | Offered knowledge of Freeze by Vehumet.
  6544 | D:5      | Found an ancient bone altar of Kikubaaqudgha.
  6547 | D:5      | Found a glowing silver altar of Zin.
  6552 | D:5      | Reached skill level 5 in Conjurations
  6556 | D:5      | Found an opulent altar of Gozag.
  6572 | D:5      | Found an iron altar of Okawaru.
  6624 | D:5      | Noticed Blork the orc
  6631 | D:5      | Killed Blork the orc
  6645 | D:5      | Reached skill level 1 in Fighting
  6888 | D:6      | Reached skill level 1 in Maces & Flails
  6888 | D:6      | Reached XP level 9. HP: 47/47 MP: 13/19
  7219 | D:6      | Slain by an orc warrior

Vault maps used:
D:1:      elethiomel_arrival_quiet
D:3:      wad_crossroads, tso_altar, lexackson_kobold_supper
D:4:      cheibriados_altar_1, temple_hall, first_bread, uniq_sigmund,
          uniq_eustachio, uniq_robin
D:5:      kennysheep_mini, grunt_temple_overflow_cloverleaf, uniq_blork_the_orc
Temple:   circular_temple_12

Skill      XL: |  1  2  3  4  5  6  7  8 |
---------------+-------------------------+-----
Earth Magic    | 4 5 6 7 |  7.7
Spellcasting   | 3 4 5 6 7 |  7.3
Conjurations   | 1 2 3 4 5 |  5.3
Fighting       | 1 |  1.6
Maces & Flails | 1 |  1.3
Dodging        | 2 |  2.2
Armour         | |  0.9
Stealth        | |  2.1
Transmutations | |  0.7

Action                   |  1- 3 |  4- 6 |  7- 9 || total
-------------------------+-------+-------+-------++-------
Melee: Club              |   129 |       |       ||   129
       Whip              |       |   108 |    43 ||   151
       Flail             |       |       |    11 ||    11
       Mace              |       |       |    14 ||    14
 Cast: Sandblast         |     5 |    67 |   101 ||   173
       Stone Arrow       |     2 |     6 |     7 ||    15
       Lee's Rapid Decon |       |       |     3 ||     3
  Use: Scroll            |       |    10 |     7 ||    17
 Stab: Sleeping          |     2 |     3 |       ||     5
  Eat: Chunk             |     4 |     9 |     8 ||    21
Armor: Robe              |    52 |    60 |    49 ||   161
Dodge: Dodged            |    99 |    99 |    53 ||   251
